 Dungeon Crawl Stone Soup version 0.29.1-15-g9cfb28693d (webtiles) character file.

Game seed: 11090247960738011737

3691 javelincjr the Magician (level 9, -4/70 (72) HPs)
             Began as a Demonspawn Hedge Wizard on Apr 6, 2023.
             Was an Elder of Qazlal.
             Slain by a two-headed ogre
             ... wielding a +0 giant club
              (14 damage)
             ... on level 9 of the Dungeon.
             The game lasted 00:46:19 (11347 turns).

javelincjr the Magician (Demonspawn Hedge Wizard)  Turns: 11347, Time: 00:46:20

HP:   -4/70 (72)    AC: 14    Str: 14    XL:     9   Next: 90%
MP:   0/18          EV: 18    Int: 23    God:    Qazlal [****..]
Gold: 380           SH:  5    Dex: 12    Spells: 12/20 levels left

rFire   . . .      SeeInvis +   S - +3 spear (protect)
rCold   . . .      Faith    .   (no shield)
rNeg    . . .      Spirit   +   b - +0 robe
rPois   .          Reflect  .   (helmet unavailable)
rElec   .          Harm     .   (no cloak)
rCorr   .          Rampage  .   (no gloves)
Will    .....                   y - +2 pair of boots
Stlth   +.........              i - amulet of guardian spirit
HPRegen 0.21/turn               g - +6 ring of intelligence
MPRegen 0.16/turn               J - ring of flight

@: agile, under a protective aura, flying, lightly drained, repel missiles
A: antennae 3, rugged brown scales 2, demonic guardian 1, powered by pain 1
a: Renounce Religion, Upheaval, Elemental Force


You were on level 9 of the Dungeon.
You worshipped Qazlal.
Qazlal was greatly pleased with you.
You visited 1 branch of the dungeon, and saw 9 of its levels.

You collected 380 gold pieces.

Inventory:

Hand Weapons
 a - a +0 dagger
 k - a +4 dagger
 n - a +1 short sword of speed
 u - a +4 flail
 x - a +1 dagger of electrocution
 C - a +1 trident of venom
 D - a +4 trident
 F - a +2 whip of flaming
 H - a +2 short sword of protection
 R - a +3 hand axe
 S - a +3 spear of protection (weapon)
Missiles
 t - 4 boomerangs of dispersal
 v - 3 boomerangs
 O - a throwing net
Armour
 b - a +0 robe (worn)
 c - a +0 hat
 y - a +2 pair of boots (worn)
 Q - +0 swamp dragon scales
Magical Staves
 A - a staff of poison
Jewellery
 g - a +6 ring of intelligence (left hand)
 i - an amulet of guardian spirit (around neck)
 J - a ring of flight (right hand)
Wands
 N - a wand of roots (2)
 P - a wand of polymorph (12)
Scrolls
 j - 3 scrolls of immolation
 l - 3 scrolls of enchant armour
 q - 2 scrolls of silence
 r - 4 scrolls of noise
 w - a scroll of teleportation
 E - a scroll of enchant weapon {unknown}
 G - a scroll of magic mapping {unknown}
 K - a scroll of poison {unknown}
 M - a scroll of butterflies {unknown}
Potions
 d - 2 potions of magic
 e - a potion of brilliance {unknown}
 f - 4 potions of lignification
 h - 4 potions of heal wounds
 m - a potion of mutation {unknown}
 o - 4 potions of haste
 p - 3 potions of flight
 s - a potion of attraction {unknown}
 z - 2 potions of degeneration {unknown}
 B - a potion of resistance {unknown}
 I - a potion of invisibility {unknown}
 L - a potion of ambrosia {unknown}
 T - a potion of curing {unknown}
 U - a potion of cancellation {unknown}


   Skills:
 * Level 5.8 Fighting
 - Level 0.4 Maces & Flails
 + Level 2.9 Polearms
 + Level 3.5 Armour
 + Level 4.2 Dodging
 - Level 1.7 Stealth
 * Level 6.1 Spellcasting
 + Level 4.1 Conjurations
 + Level 4.2 Summonings
 + Level 3.7 Translocations
 + Level 3.6 Poison Magic
 + Level 4.7 Invocations


You had 12 spell levels left.
You knew the following spells:

 Your Spells              Type           Power      Damage    Failure   Level
a - Magic Dart            Conj           100%       1d8       1%          1
b - Call Imp              Summ           26%        N/A       2%          2
c - Blink                 Tloc           48%        N/A       2%          2
d - Mephitic Cloud        Conj/Pois/Air  19%        N/A       9%          3

Your spell library contained the following spells:

 Spells                   Type           Power      Damage    Failure   Level
 Slow                     Hex            28%        N/A       9%          1
 Conjure Flame            Conj/Fire      16%        6-21      11%         3
 Ensorcelled Hibernation  Hex/Ice        14%        N/A       13%         2
 Passwall                 Tmut/Erth      5%         N/A       13%         2
 Swiftness                Air            7%         N/A       26%         3
 Manifold Assault         Tloc           24%        N/A       45%         5
 Storm Form               Tmut/Air       3%         N/A       100%        7


Dungeon Overview and Level Annotations

Branches:
Dungeon (9/15)             Temple (0/1) D:7
   Lair: D:8-11         Orc: D:9-12

Altars:
Cheibriados
Dithmenos
Fedhas
Nemelex Xobeh
Okawaru
Qazlal
Wu Jian

Shops:
D:2 =   D:4 :   D:9 :


Innate Abilities, Weirdness & Mutations

You have a pair of large antennae on your head. (SInv)
You are mostly covered in rugged brown scales. (AC +2, +5% HP)
A weak demonic guardian rushes to your aid.
You sometimes gain a little power by taking damage.


Message History

The two-headed ogre is heavily wounded.
The two-headed ogre hits you with a +0 giant club.
The two-headed ogre hits you with a +0 giant spiked club!!
A demonic guardian appears!
The two-headed ogre attacks as you move away!
The two-headed ogre closely misses you.
The two-headed ogre hits you but does no damage.
Your white imp hits the two-headed ogre but does no damage.
Casting: Magic Dart (safe; 1% risk of failure)
Confirm with . or Enter, or press ? or * to list all spells.
Aiming: Magic Dart (safe; 1% risk of failure)
Press: ? - help, Shift-Dir - straight line, f/p - two-headed ogre
Aim: a two-headed ogre, wielding a +0 giant club and a +0 giant spiked club (heavily wounded, ally target, 100% to hit)
The magic dart hits the two-headed ogre.
The two-headed ogre is heavily wounded.
You puncture the two-headed ogre!
The two-headed ogre is severely wounded.
The two-headed ogre hits you with a +0 giant club!!
* * * LOW HITPOINT WARNING * * *
You focus on the pain.
You feel agile all of a sudden.
The two-headed ogre completely misses you.
Your white imp hits the two-headed ogre.
Your white imp freezes the two-headed ogre.
Okay, then.
Okay, then.
You barely miss the two-headed ogre.
The two-headed ogre is severely wounded.
The two-headed ogre misses you.
The two-headed ogre hits you with a +0 giant spiked club!
* * * LOW HITPOINT WARNING * * *
Your white imp hits the two-headed ogre.
Your white imp freezes the two-headed ogre.
You hit the two-headed ogre.
The two-headed ogre is severely wounded.
You hit the two-headed ogre.
The two-headed ogre is almost dead.
The two-headed ogre completely misses you.
The two-headed ogre hits you with a +0 giant spiked club!
You die...

## ..# #.# # . #.#
.## .#. #.# ##....
...#######.###....#
#.#..☼.@#......##.
.##......O...<...#.$
........○5○........#
###......5..†..[..##
.................?.#
###..................
#..................
.................#...
...#.................


You could see a two-headed ogre (ally target), a friendly crimson imp (summoned)
and a friendly white imp (summoned).

Vanquished Creatures
  Pikel (D:5)
  A shadow (D:9)
  Eustachio (D:6)
  Menkaure (D:7)
  A water moccasin (D:7)
  A sky beast (D:6)
  2 ice beasts
  An ogre (D:7)
  A centaur (D:7)
  6 bullfrogs
  A necrophage (D:7)
  2 scorpions
  8 wights (D:8)
  4 hounds
  3 jellies
  4 orc priests
  A gnoll bouda (D:8)
  6 orc wizards
  8 gnolls
  3 adders
  4 white imps
  3 ufetubi (D:5)
  A worm (D:2)
  4 dart slugs
  26 orcs
  4 ball pythons
  4 bats
  9 endoplasms
  2 giant cockroaches
  6 goblins
  7 hobgoblins
  8 jackals
  9 kobolds
  3 quokkas
  3 frilled lizards
  2 rats
151 creatures vanquished.

Vanquished Creatures (collateral kills)
  Maggie (D:7)
  A lemure (D:5)
  2 wights (D:8)
  A jelly (D:4)
  An iguana (D:5)
  3 gnolls (D:3)
  5 adders
  A dart slug (D:5)
  6 orcs
  An endoplasm (D:3)
22 creatures vanquished.

Vanquished Creatures (others)
  3 demonic plants (D:1)
  9 fungi (D:1)
  4 plants (D:1)
16 creatures vanquished.

Grand Total: 189 creatures vanquished

Notes
Turn   | Place    | Note
-------+----------+-------------------------------------------
     0 | D:1      | javelincjr the Demonspawn Hedge Wizard began the quest for
                  | the Orb.
     0 | D:1      | Reached XP level 1. HP: 13/13 MP: 4/4
    55 | D:1      | Found a faded altar of an unknown god.
    84 | D:1      | Prayed at the altar of an unknown god.
    84 | D:1      | Became a worshipper of Qazlal Stormbringer
    84 | D:1      | Reached * piety under Qazlal
   209 | D:1      | Reached skill level 1 in Translocations
   429 | D:1      | Gained mutation: You have a pair of small antennae on your
                  | head. [demonic ancestry]
   429 | D:1      | Reached XP level 2. HP: 20/20 MP: 0/6
  1018 | D:1      | Reached skill level 1 in Fighting
  1275 | D:1      | Gained mutation: You have a pair of antennae on your head.
                  | [demonic ancestry]
  1275 | D:1      | Reached XP level 3. HP: 21/26 MP: 7/7
  1583 | D:2      | Found an iron altar of Okawaru.
  2098 | D:2      | Reached ** piety under Qazlal
  2354 | D:2      | Found Nyalluci's Jewellery Boutique.
  2846 | D:2      | Gained mutation: You are partially covered in rugged brown
                  | scales. (AC +1, +3% HP) [demonic ancestry]
  2846 | D:2      | Reached XP level 4. HP: 15/32 MP: 3/9
  2849 | D:2      | Learned a level 2 spell: Call Imp
  2852 | D:2      | Learned a level 2 spell: Blink
  3462 | D:3      | Reached skill level 1 in Armour
  3693 | D:3      | Gained mutation: You have a pair of large antennae on your
                  | head. (SInv) [demonic ancestry]
  3693 | D:3      | Reached XP level 5. HP: 25/39 MP: 3/10
  3875 | D:3      | Reached *** piety under Qazlal
  5064 | D:4      | Found Gepuomet's Book Shoppe.
  5090 | D:4      | HP: 1/39 [acid (8)]
  5579 | D:4      | Gained mutation: A weak demonic guardian rushes to your
                  | aid. [demonic ancestry]
  5579 | D:4      | Reached XP level 6. HP: 47/47 MP: 7/11
  5962 | D:5      | Entered Level 5 of the Dungeon
  6224 | D:5      | Reached skill level 4 in Spellcasting
  6254 | D:5      | Learned a level 3 spell: Mephitic Cloud
  6268 | D:5      | Reached skill level 1 in Invocations
  6811 | D:5      | Noticed an ice beast
  6818 | D:5      | Killed an ice beast
  6819 | D:5      | Gained mutation: You sometimes gain a little power by
                  | taking damage. [demonic ancestry]
  6819 | D:5      | Reached XP level 7. HP: 53/53 MP: 11/13
  7104 | D:6      | Reached skill level 1 in Poison Magic
  7271 | D:6      | Noticed Pikel
  7323 | D:5      | Killed Pikel
  7324 | D:5      | Reached skill level 1 in Polearms
  7324 | D:5      | Reached XP level 8. HP: 46/61 MP: 2/15
  7682 | D:6      | Reached **** piety under Qazlal
  8170 | D:6      | Reached skill level 5 in Spellcasting
  8270 | D:6      | Noticed Eustachio
  8285 | D:6      | Killed Eustachio
  8856 | D:7      | Gained mutation: You are mostly covered in rugged brown
                  | scales. (AC +2, +5% HP) [demonic ancestry]
  8856 | D:7      | Reached XP level 9. HP: 62/69 MP: 12/17
  8935 | D:7      | Found a staircase to the Ecumenical Temple.
  9233 | D:7      | Noticed Menkaure
  9241 | D:7      | Killed Menkaure
  9385 | D:7      | Noticed Maggie
  9393 | D:7      | Killed Maggie
  9394 | D:7      | Reached skill level 5 in Fighting
 10406 | D:8      | Reached skill level 6 in Spellcasting
 10765 | D:8      | Found a blossoming altar of Fedhas.
 10765 | D:8      | Found an ornate altar of the Wu Jian Council.
 10771 | D:8      | Found a shadowy altar of Dithmenos.
 10809 | D:8      | Found a snail-covered altar of Cheibriados.
 10811 | D:8      | Found a sparkling altar of Nemelex Xobeh.
 10816 | D:8      | Found a stormy altar of Qazlal.
 11197 | D:9      | Noticed a two-headed ogre
 11254 | D:9      | Found Roegif's Book Emporium.
 11347 | D:9      | Slain by a two-headed ogre

Illustrated notes

Levels and vault maps discovered:
D:1:      scummos_arrival_star, layout_loops_ring, shapermc_ecumenical_altar_gd,
          glass_columns_a
D:2:      layout_loops_corners, serial_shops, shop, basic_altar
D:3:      minmay_evil_eye, layout_loops_ring
D:4:      layout_loops_corners, serial_shops, shop, st_stairs_3,
          serial_park_tiny_1
D:5:      layout_basic, grunt_ministairs_1, kennysheep_nub, nicolae_eternal_life
D:6:      layout_layer_cave, uniq_pikel, uniq_eustachio
D:7:      layout_loops_ring, temple_pool_b, uniq_maggie, uniq_menkaure
D:8:      layout_basic, nicolae_overflow_hallway_of_the_gods
D:9:      layout_rooms, nicolae_hepliaklqana_hippocampus, serial_shops, shop,
          kennysheep_generic_room_14

Skill      XL: |  1  2  3  4  5  6  7  8  9 |
---------------+----------------------------+-----
Translocations | 1 2 3 |  3.7
Dodging        | 2 3 4 |  4.2
Fighting       | 1 2 3 4 5 |  5.8
Armour         | 1 2 3 |  3.5
Summonings     | 2 3 4 |  4.2
Conjurations   | 2 3 4 |  4.1
Spellcasting   | 4 5 6 |  6.1
Invocations    | 1 2 3 4 |  4.7
Poison Magic   | 1 2 3 |  3.6
Polearms       | 1 2 |  2.9
Maces & Flails | |  0.4
Stealth        | |  1.7

Action                   |  1- 3 |  4- 6 |  7- 9 || total
-------------------------+-------+-------+-------++-------
Melee: Dagger            |    27 |       |       ||    27
       Short sword       |    46 |       |    29 ||    75
       Punch             |     2 |       |     7 ||     9
       Flail             |       |    34 |       ||    34
       Trident           |       |    27 |   152 ||   179
       Spear             |       |       |    87 ||    87
 Cast: Magic Dart        |    83 |   108 |    59 ||   250
       Call Imp          |       |    21 |    43 ||    64
       Blink             |       |       |     2 ||     2
  Use: Scroll            |       |     6 |     5 ||    11
       Potion            |       |     2 |     1 ||     3
 Stab: Distracted        |       |       |     1 ||     1
Armor: Robe              |     6 |    15 |    45 ||    66
Dodge: Dodged            |    20 |    41 |   130 ||   191
Block: Other             |     2 |    12 |    50 ||    64
